 Dungeon Crawl Stone Soup version 0.28.0-45-g0d030f2227 (webtiles) character file.

Game seed: 12158911216324815896

220 psko the Chiller (level 6, 0/42 HPs)
             Began as a Human Ice Elementalist on Feb 20, 2022.
             Slain by an adder (2 damage)
             ... on level 4 of the Dungeon on Apr 2, 2022.
             The game lasted 00:58:59 (4246 turns).

psko the Chiller (Human Ice Elementalist)           Turns: 4246, Time: 00:58:59

Health: 0/42       AC:  3    Str:  8    XL:     6   Next: 18%
Magic:  12/12      EV: 11    Int: 18    God:
Gold:   118        SH:  0    Dex: 13    Spells: 12/13 levels left

rFire   + + .      SeeInvis .   H - +0 trident
rCold   . . .      Faith    +   (no shield)
rNeg    . . .      Spirit   .   m - +0 leather armour
rPois   +          Reflect  .   (no helmet)
rElec   +          Harm     .   (no cloak)
rCorr   +          Rampage  .   (no gloves)
Will    .....                   (no boots)
Stlth   ++........              h - amulet of faith
HPRegen 0.14/turn               u - ring of fire
MPRegen 0.13/turn               (no ring)

@: brilliant, resistant
A: no striking features
a: no special abilities


You were on level 4 of the Dungeon.
You visited 1 branch of the dungeon, and saw 4 of its levels.

You collected 118 gold pieces.

Inventory:

Hand Weapons
 c - a +0 club
 d - a +0 club
 k - a +0 hunting sling
 l - a +0 club
 n - a +0 dagger
 p - a +0 short sword
 s - a +0 dagger
 v - a +0 whip
 w - a +0 club
 y - a +0 dagger
 z - a +0 hand axe
 A - a +0 short sword
 C - a +0 hand axe
 D - a +0 short sword
 G - a +0 hand axe
 H - a +0 trident (weapon)
 I - a +0 hand axe
 J - a +0 war axe
 L - a +0 club
 M - a +0 flail
 N - a +0 short sword
 Q - a +0 flail
 R - a +0 hunting sling
 W - a +0 short sword
Missiles
 q - 2 poisoned darts
 t - 134 stones
 T - 4 boomerangs
Armour
 a - a +0 robe
 j - a +0 robe
 m - a +0 leather armour (worn)
 o - a +0 robe
 r - a +0 robe
 B - a +0 chain mail
 E - a +0 ring mail
 K - a +0 scale mail
 O - a +0 ring mail
Jewellery
 h - an amulet of faith (around neck)
 u - a ring of fire (left hand)
Wands
 U - a wand of polymorph (10)
Scrolls
 b - a scroll of fog {unknown}
 e - a scroll of summoning {unknown}
 g - 3 scrolls of teleportation {unknown}
 i - 2 scrolls of vulnerability {unknown}
 x - 2 scrolls of identify {unknown}
 F - a scroll of fear {unknown}
 V - 3 scrolls of magic mapping {unknown}
Potions
 S - 2 potions of lignification


   Skills:
 + Level 0.5 Fighting
 + Level 0.2 Maces & Flails
 + Level 0.1 Polearms
 + Level 1.0 Armour
 + Level 2.1 Dodging
 + Level 2.2 Stealth
 + Level 4.0 Spellcasting
 + Level 5.2 Ice Magic


You had 12 spell levels left.
You knew the following spells:

 Your Spells              Type           Power      Damage    Failure   Level
a - Freeze                Ice            100%       1d11      2%          1

Your spell library contained the following spells:

 Spells                   Type           Power      Damage    Failure   Level
 Frozen Ramparts          Ice            66%        1d8       7%          3
 Ozocubu's Armour         Ice            33%        N/A       7%          3
 Hailstorm                Conj/Ice       19%        3d6       56%         4


Dungeon Overview and Level Annotations

Branches:
Dungeon (4/15)
 Temple: D:4-7

Altars:

Shops:
D:2 *


Message History

You feel sick. The adder bites you but does no damage.
The adder closely misses you.
You hit the adder but do no damage.
The adder is heavily wounded.
You feel sick. The adder bites you.
You are more poisoned.
The adder poisons you!
You barely miss the adder.
The adder is heavily wounded.
You feel sick. The adder barely misses you. The adder bites you.
You closely miss the adder.
The adder is heavily wounded.
You feel sick. The adder bites you but does no damage.
The adder closely misses you.
You barely miss the adder.
The adder is heavily wounded.
You feel sick. The adder bites you.
* * * LOW HITPOINT WARNING * * *
The adder closely misses you.
You miss the adder.
The adder is heavily wounded.
You feel sick. The adder bites you but does no damage.
It was a potion of brilliance.
You feel clever all of a sudden.
You feel sick. The adder misses you. The adder bites you but does no damage.
You feel protected.
You feel sick.
You are no longer poisoned.
The adder bites you.
* * * LOW HITPOINT WARNING * * *
Okay, then.
Really quaff the potion of lignification? [Y]es or [N]o only, please.
Really quaff the potion of lignification? [Y]es or [N]o only, please.
Really quaff the potion of lignification?
Okay, then.
The adder barely misses you. The hound bites you but does no damage.
The adder bites you.
You die...

...#
#.#....#####.#####.#..#
...# #.#.#........#
#.#... ...#
##.#.#.######### #.#.#.
...#######.......##.....#
#.#...
....^....#.......##.....#
#.....
........................#
#####.
.........#.......##.....#
#....
...#######.....h.##.....#
#.##. ...#
#.....S@######## #.##.
...# #.##.#.#.## #....
...# #.##.#..#.## #.###
...# #.##.#.###.#######
#.### .g.#
#....##.#.#......# #..>.
#.##
########.##.####.###.###
.....# #.##.##.......#
...#.# #.......#.#####
#..# # ####.####.#


You could see a hound and an adder.

Vanquished Creatures
  2 orc priests
  An iguana (D:3)
  A hound skeleton (D:4)
  2 adders (D:3)
  An ufetubus (D:3)
  A worm (D:2)
  2 dart slugs
  11 orcs
  13 ball pythons
  9 bats
  5 endoplasms
  5 giant cockroaches
  5 goblins
  4 hobgoblins
  8 jackals
  2 quokkas (D:2)
  A frilled lizard (D:3)
  2 kobolds
  5 rats
80 creatures vanquished.

Notes
Turn   | Place    | Note
-------+----------+-------------------------------------------
     0 | D:1      | psko the Human Ice Elementalist began the quest for the
                  | Orb.
     0 | D:1      | Reached XP level 1. HP: 13/13 MP: 3/3
   172 | D:1      | Reached XP level 2. HP: 19/19 MP: 3/5
   674 | D:1      | Found a faded altar of an unknown god.
   818 | D:1      | Reached XP level 3. HP: 24/24 MP: 4/6
  1160 | D:1      | You fall into a shaft and drop 1 floor!
  1812 | D:2      | Reached XP level 4. HP: 27/30 MP: 0/7
  2304 | D:2      | Found Ypususm's General Store.
  2315 | D:2      | Reached skill level 5 in Ice Magic
  2598 | D:3      | Reached XP level 5. HP: 35/35 MP: 7/9
  2988 | D:3      | Reached skill level 1 in Armour
  3007 | D:3      | Reached XP level 6. HP: 29/42 MP: 2/11
  3470 | D:2      | Upgraded the game from 0.28.0-1-gb440e238dd to
                  | 0.28.0-45-g0d030f2227
  4240 | D:4      | HP: 1/42 [adder (3)]
  4246 | D:4      | Slain by an adder

Illustrated notes

Levels and vault maps discovered:
D:1:      mainiacjoe_arrival_reflecting_pool, layout_basic,
          hellmonk_ecumenical_altar_slurped_away
D:2:      layout_rooms, serial_shops, nicolae_shop_advertising_works
          [nicolae_subvault_shop_adworks], minmay_split_cup_small
D:3:      layout_basic, grunt_ministairs_10
D:4:      layout_loops_cross, mainiacjoe_overflow_surrounded_room

Skill      XL: |  1  2  3  4  5  6 |
---------------+-------------------+-----
Spellcasting   | 3 4 |  4.0
Ice Magic      | 5 |  5.2
Armour         | 1 |  1.0
Fighting       | |  0.5
Maces & Flails | |  0.2
Polearms       | |  0.1
Dodging        | |  2.1
Stealth        | |  2.2

Action                   |  1- 3 |  4- 6 || total
-------------------------+-------+-------++-------
Melee: Club              |     1 |       ||     1
       Whip              |       |    10 ||    10
       Trident           |       |    40 ||    40
       Punch             |       |     2 ||     2
 Cast: Freeze            |    58 |    60 ||   118
  Use: Potion            |       |     8 ||     8
Armor: Robe              |     2 |       ||     2
       Leather armour    |     2 |    32 ||    34
       Skin              |       |     1 ||     1
Dodge: Dodged            |    29 |    77 ||   106
